 Dungeon Crawl Stone Soup version 0.30-a0-782-ge64f9170bb (webtiles) character file.

Game seed: 6552529585440497830

453 tilp the Slasher (level 7, -4/60 HPs)
             Began as a Meteoran Fighter on Feb 22, 2023.
             Slain by a black bear (10 damage)
             ... on level 4 of the Dungeon.
             The game lasted 00:07:04 (1023 turns).

tilp the Slasher (Meteoran Fighter)                 Turns: 1023, Time: 00:07:05

Health: -4/60      AC:  9    Str: 18    XL:     7   Next: 51%
Magic:  8/8        EV:  7    Int: 10    God:
Gold:   169        SH:  5    Dex: 15    Spells: 6/6 levels left

rFire   . . .      SeeInvis .    a - +0 long sword
rCold   . . .      Faith    .    c - +0 buckler
rNeg    . . .      Spirit   .    d - +0 chain mail
rPois   .          Reflect  .    (no helmet)
rElec   .          Harm     .    (no cloak)
rCorr   .          Rampage  .    (no gloves)
Will    .....                    (no boots) Stlth
                                 (no amulet)
HPRegen 0.30/turn                (no ring)
MPRegen 0.11/turn                (no ring)

@: glowing
A: sense surroundings 1, otherworldly, glowing, explore regen
a: no special abilities


You were on level 4 of the Dungeon.
You visited 1 branch of the dungeon, and saw 4 of its levels.

You collected 169 gold pieces.

Inventory:

Hand Weapons
 a - a +0 long sword (weapon)
 o - the +6 shillelagh "Devastator" {shatter}
   (You found it on level 4 of the Dungeon)
Missiles
 f - 16 stones
 l - 3 poisoned darts (quivered)
Armour
 c - a +0 buckler (worn)
 d - a +0 chain mail (worn)
Scrolls
 e - 5 scrolls of teleportation
 j - a scroll of enchant armour {unknown}
 m - 3 scrolls of silence {unknown}
Potions
 g - a potion of lignification
 h - 2 potions of brilliance
 i - a potion of berserk rage {unknown}
 k - a potion of attraction {unknown}
 n - a potion of heal wounds {unknown}


   Skills:
 * Level 4.7 Fighting
 * Level 6.7 Long Blades
 + Level 1.6 Throwing
 - Level 4.0 Armour
 + Level 2.6 Dodging
 - Level 4.0 Shields


You had 6 spell levels left.
You didn't know any spells.
Your spell library was empty.

Dungeon Overview and Level Annotations

Branches:
Dungeon (4/15) Zot: 1341
 Temple: D:4-7

Altars:
Dithmenos
Sif Muna
Uskayaw

Annotations:
D:4 Blork the orc, Grinder


Innate Abilities, Weirdness & Mutations

You passively map a small area around you.
You are easily found by Zot.
You glow in the dark.
You regain HP and MP as you explore.


Message History

The black bear bites you but does no damage.
The black bear claws you. You block the black bear's attack.
You hit the black bear but do no damage.
The black bear is severely wounded.
The black bear bites you.
The black bear claws you but does no damage.
The black bear claws you.
You hit the black bear but do no damage.
The black bear is severely wounded.
The black bear barely misses you. x2
The black bear claws you but does no damage.
The black bear barely misses you.
The black bear claws you but does no damage.
The black bear completely misses you.
You barely miss the black bear.
The black bear is severely wounded.
The black bear bites you.
The black bear claws you but does no damage.
You block the black bear's attack.
You barely miss the black bear.
The black bear is severely wounded.
The black bear bites you.
* * * LOW HITPOINT WARNING * * *
The black bear claws you.
* * * LOW HITPOINT WARNING * * *
The black bear claws you.
* * * LOW HITPOINT WARNING * * *
The black bear bites you.
* * * LOW HITPOINT WARNING * * *
The black bear completely misses you.
The black bear claws you but does no damage.
You hit the black bear but do no damage.
The black bear is severely wounded.
The black bear bites you!
* * * LOW HITPOINT WARNING * * *
The black bear claws you.
* * * LOW HITPOINT WARNING * * *
The black bear claws you but does no damage.
The black bear bites you!
You die...

.....* ### ##. ,
#..(....#############..
*
#.....................#
*
*#.............†........
*
#.......(#.#.##########
......#.((#.# ,
...#...8.).##
#h.#.(.#(.# *
*,##@((.(.(##
#(...(..(.# #8(.(..((8#
* ##(#(..#.## .....8.###
#########


You could see a black bear (berserk).

Vanquished Creatures
  Sigmund (D:2)
  An ogre (D:4)
  A scorpion (D:4)
  Jessica (D:2)
  Natasha (D:3)
  5 adders
  2 worms (D:2)
  A dart slug (D:3)
  4 orcs
  5 endoplasms
  4 giant cockroaches
  3 goblins
  A hobgoblin (D:3)
  2 quokkas
  4 ball pythons
  3 bats
  3 frilled lizards
  3 kobolds
  A rat (D:2)
46 creatures vanquished.

Vanquished Creatures (others)
  An orc wizard (D:3)
1 creature vanquished.

Grand Total: 47 creatures vanquished

Notes
Turn   | Place    | Note
-------+----------+-------------------------------------------
     0 | D:1      | tilp the Meteoran Fighter began the quest for the Orb.
     0 | D:1      | Reached XP level 1. HP: 19/19 MP: 2/2
    74 | D:2      | Reached XP level 2. HP: 24/26 MP: 3/3
    98 | D:2      | Noticed Sigmund
   105 | D:2      | Killed Sigmund
   106 | D:2      | Reached skill level 5 in Long Blades
   106 | D:2      | Reached XP level 3. HP: 26/33 MP: 4/4
   106 | D:2      | Reached XP level 4. HP: 32/40 MP: 5/5
   106 | D:2      | Reached XP level 5. HP: 37/46 MP: 6/6
   106 | D:2      | Reached XP level 6. HP: 42/52 MP: 7/7
   117 | D:2      | Noticed Jessica
   146 | D:2      | Killed Jessica
   147 | D:2      | Reached skill level 6 in Long Blades
   406 | D:3      | Found a shimmering blue altar of Sif Muna.
   590 | D:3      | Noticed Natasha
   615 | D:3      | Killed Natasha
   677 | D:3      | Reached skill level 1 in Throwing
   678 | D:4      | Noticed Grinder
   678 | D:4      | Noticed Blork the orc
   842 | D:3      | Found a hide-covered altar of Uskayaw.
   852 | D:3      | Found a shadowy altar of Dithmenos.
   941 | D:4      | Reached XP level 7. HP: 34/60 MP: 8/8
   984 | D:4      | Found the +6 shillelagh "Devastator" {shatter}
  1023 | D:4      | Slain by a black bear

Illustrated notes

Levels and vault maps discovered:
D:1:      ldierk_walled_garden_2, layout_basic
D:2:      layout_rooms, uniq_jessica, uniq_crazy_yiuf_cottage, uniq_sigmund
D:3:      layout_loops_cross, mainiacjoe_overflow_surrounded_room,
          mainiacjoe_overflow_swirl, uniq_natasha
D:4:      layout_rooms, mainiacjoe_overflow_small_starburst,
          doesnt_xom_only_xom, dilly_guarded_unrand_devastator, uniq_grinder,
          uniq_blork_the_orc, uniq_robin

Skill      XL: |  1  2  3  4  5  6  7 |
---------------+----------------------+-----
Fighting       | 4 |  4.7
Long Blades    | 5 6 |  6.7
Dodging        | 2 |  2.6
Throwing       | 1 |  1.6
Armour         | 4 |  4.0
Shields        | 4 |  4.0

Action                     |  1- 3 |  4- 6 |  7- 9 || total
---------------------------+-------+-------+-------++-------
  Melee: Long sword        |    27 |   143 |    37 ||   207
  Throw: Dart              |       |       |     4 ||     4
    Use: Potion            |     1 |       |       ||     1
         Scroll            |       |     2 |     1 ||     3
 Armour: Scale mail        |    25 |    12 |       ||    37
         Chain mail        |       |    67 |    27 ||    94
  Dodge: Dodged            |     9 |    41 |    17 ||    67
  Block: Buckler           |    10 |    29 |    17 ||    56

Table legend: (Time is in decaauts)
 A = Elapsed time spent in this place.
 B = Non-inter-level travel time spent in this place.
 C = Inter-level travel time spent in this place.
 D = Time resting spent in this place.
 E = Time spent auto-exploring this place.
 F = Levels seen in this place.
 G = Mean time per level.
                   A        B        C        D        E       F      G
               +--------+--------+--------+--------+--------+-----+--------+
         Total |   1057 |    917 |    140 |      0 |      0 |   4 |  264.2 |
       Dungeon |   1057 |    917 |    140 |      0 |      0 |   4 |  264.2 |
               +--------+--------+--------+--------+--------+-----+--------+

Top non-repeatable levels by time:
     D:3: 657 daAuts
     D:2: 216 daAuts
     D:4: 136 daAuts
     D:1: 46 daAuts
